Bruins vs Crunch

Created - Saturday, January 31, 2015 at 22:51

Goals
1 2 3 OT1 T
Bruins 0 1 0 1 2
Crunch 0 0 1 0 1
Shots
1 2 3 OT1 T
Bruins 6 11 9 1 27
Crunch 13 5 9 0 27

1st period

No Goal

Penalties :
Kevin Czuczman (Pro) for Cross-checking (Minor) at 5:11

2nd period

1. Bruins , Patrick Bordeleau 20 (Dmitry Korobov, Simon Moser) at 10:32

Penalties :
Karl Stollery (SYR) for Interference (Minor) at 1:31, Phillip Danault (SYR) for Hooking (Minor) at 8:23

3rd period

2. Crunch , Ryan Strome 22 (Chad Billins) at 1:04

Penalties :
Chad Billins (SYR) for Roughing (Minor) at 3:50

Overtime #1

3. Bruins , Kevin Czuczman 10 (Patrick Cehlin) at 2:11

Penalties :
No Penalty

Goalie Stats

Philipp Grubauer (Pro), 26 saves from 27 shots - (0.963), W, 26-3-7, 62:11 minutes
John Curry (SYR), 25 saves from 27 shots - (0.926), OTL, 17-12-5, 62:11 minutes

Players Stats for Bruins

Player Name              G  A  P  +/- PIM S  H  SB GA TA FO     MP     PP MP  PK MP  
------------------------------------------------------------------------------------
Anton Lander             0  0  0   0  0   0  1  0  1  2  5/11   23:19   2:34   1:18 
Brandon Alderson         0  0  0   0  0   2  1  1  1  1  0/0    15:38   0:00   0:00 
Brandon Manning          0  0  0   0  0   0  1  0  1  0  0/0    15:16   0:00   0:00 
Buddy Robinson           0  0  0  -1  0   1  0  0  0  1  1/1    17:06   3:22   0:00 
Conor Allen              0  0  0  -1  0   0  1  1  0  0  0/0    21:22   2:47   1:02 
Dmitry Korobov           0  1  1   2  0   0  0  1  0  1  0/0    18:28   3:10   0:57 
Jake Newton              0  0  0   0  0   3  0  0  1  3  0/0    16:13   0:00   0:57 
John Mitchell A          0  0  0   0  0   1  0  0  2  0  0/0     9:40   0:00   0:00 
Kael Mouillierat         0  0  0  -1  0   1  1  2  1  2  5/9    19:19   3:22   0:41 
Kevin Czuczman           1  0  1   2  2   2  0  2  1  2  0/0    25:15   3:10   0:00 
Magnus Nygren            0  0  0   0  0   0  0  1  0  1  0/0     7:05   0:00   0:00 
Marc Hagel               0  0  0   0  0   0  0  1  0  0  3/5    10:17   0:00   0:00 
Patrick Bordeleau        1  0  1   1  0   3  2  0  3  0  0/1    19:18   2:35   1:18 
Patrick Cehlin           0  1  1   1  0   3  1  2  3  0  1/1    15:57   0:00   0:00 
Raman Hrabarenka         0  0  0  -1  0   1  0  0  2  2  0/0    21:22   2:47   1:02 
Scott Timmins            0  0  0   2  0   6  1  1  2  0  6/8    16:28   0:01   0:00 
Simon Moser              0  1  1   1  0   1  1  0  0  1  0/0    16:41   2:35   0:00 
Tim Sestito              0  0  0  -1  0   3  2  0  4  1  0/0    18:00   3:22   0:41 

Players Stats for Crunch

Player Name              G  A  P  +/- PIM S  H  SB GA TA FO     MP     PP MP  PK MP  
------------------------------------------------------------------------------------
Andre Petersson          0  0  0   0  0   4  1  0  3  0  1/1    15:42   0:50   0:00 
Anton Zlobin             0  0  0   0  0   2  2  0  0  1  0/0    10:16   0:00   0:00 
Brett Skinner            0  0  0   0  0   0  1  0  1  0  0/0    19:48   0:00   2:33 
Brodie Reid              0  0  0   0  0   1  0  0  1  0  0/0    11:50   0:00   0:00 
Chad Billins             0  1  1   0  2   4  1  0  0  3  0/0    23:56   1:16   2:37 
Corban Knight            0  0  0   0  0   1  4  0  2  1  3/10   16:06   0:50   0:24 
Danny Syvret             0  0  0   0  0   3  1  0  0  2  0/0    24:36   1:16   3:24 
Eriah Hayes              0  0  0   0  0   1  1  1  4  0  0/1    15:42   0:50   0:00 
Jordin Tootoo            0  0  0   0  0   1  3  0  2  0  0/1    15:21   1:09   0:00 
Karl Stollery            0  0  0  -1  2   0  1  2  0  1  0/0    18:41   0:43   0:00 
Matt Lindblad            0  0  0   0  0   1  1  0  0  0  1/2    15:11   0:00   3:21 
Nick Jensen              0  0  0   0  0   1  3  0  1  1  0/0    19:56   0:00   3:20 
Phillip Danault          0  0  0  -2  2   1  1  0  1  1  3/4    14:38   0:00   2:09 
Ryan Strome              1  0  1   1  0   2  1  0  4  0  5/8    16:32   1:09   0:00 
Stanislav Galiev         0  0  0  -1  0   2  1  2  2  1  0/0    14:16   0:00   2:36 
Taylor Pyatt             0  0  0   1  0   2  1  0  2  1  0/1    17:20   1:09   0:48 
Travis Oleksuk           0  0  0  -1  0   1  2  1  3  0  2/8    14:16   0:00   2:36 
Zach Trotman             0  0  0  -1  0   0  2  0  0  0  0/0    18:37   0:43   0:00 

3 Stars

1 - Philipp Grubauer (Pro)
2 - Patrick Bordeleau (Pro)
3 - Ryan Strome (SYR)

Power Play

Bruins - 0 on 3 Attempt(s) - 0.00%
Crunch - 0 on 1 Attempt(s) - 0.00%

Penalty Kill

Bruins - 1 on 1 Attempt(s) - 100.00% - Score 0 goal in Penalty Kill
Crunch - 3 on 3 Attempt(s) - 100.00% - Score 0 goal in Penalty Kill

Team Stat

Bruins - Hits : 12 - Faceoff Wins : 21 - Blocked Shots : 12 - Penalty Minutes : 2
Crunch - Hits : 27 - Faceoff Wins : 15 - Blocked Shots : 6 - Penalty Minutes : 6

Official

Referees : Unknown
Linesman : Unknown

Game Notes

No Game Note

Finance

Level 1 -- Attendance: 1481 (74.05%) -- Ticket Income $37,025
Level 2 -- Attendance: 710 (71.00%) -- Ticket Income $7,100
Total Attendance: 2191 (73.03%)
Total Ticket Income: $44,125
Other Income: $21,621
Total Income: $65,746

Bruins

5 vs 5 Forward 
   Center                   Left Wing                Right Wing               Time % Phy DF OF 
 1 Anton Lander             Patrick Bordeleau        Simon Moser              35     1   2  2  
 2 Kael Mouillierat         Tim Sestito              Buddy Robinson           30     1   2  2  
 3 Scott Timmins            Patrick Cehlin           Brandon Alderson         22     1   2  2  
 4 Marc Hagel               John Mitchell A          Anton Lander             13     1   2  2  

5 vs 5 Defense 
   Defense                  Defense                                           Time % Phy DF OF 
 1 Kevin Czuczman           Dmitry Korobov                                    35     1   2  2  
 2 Raman Hrabarenka         Conor Allen                                       30     1   2  2  
 3 Brandon Manning          Jake Newton                                       22     1   2  2  
 4 Magnus Nygren            Kevin Czuczman                                    13     1   2  2  

PowerPlay Forward 
   Center                   Left Wing                Right Wing               Time % Phy DF OF 
 1 Anton Lander             Patrick Bordeleau        Simon Moser              60     1   2  2  
 2 Kael Mouillierat         Tim Sestito              Buddy Robinson           40     1   2  2  

PowerPlay Defense
   Defense                  Defense                                           Time % Phy DF OF 
 1 Kevin Czuczman           Dmitry Korobov                                    60     1   2  2  
 2 Raman Hrabarenka         Conor Allen                                       40     1   2  2  

Penalty Kill 4 Players Forward 
   Center                   Wing                     Time % Phy DF OF 
 1 Anton Lander             Patrick Bordeleau        60     1   2  2  
 2 Kael Mouillierat         Tim Sestito              40     1   2  2  

Penalty Kill 4 Players Defense
   Defense                  Defense                  Time % Phy DF OF 
 1 Kevin Czuczman           Dmitry Korobov           60     1   2  2  
 2 Raman Hrabarenka         Conor Allen              40     1   2  2  

Penalty Kill - 3 Players Forward 
   Forward                                           Time % Phy DF OF 
 1 Anton Lander                                      60     1   2  2  
 2 Patrick Bordeleau                                 40     1   2  2  

Penalty Kill - 3 Players Defense
   Defense                  Defense                  Time % Phy DF OF 
 1 Kevin Czuczman           Dmitry Korobov           60     1   2  2  
 2 Raman Hrabarenka         Conor Allen              40     1   2  2  

4 vs 4 Forward 
   Center                   Wing                     Time % Phy DF OF 
 1 Anton Lander             Patrick Bordeleau        60     1   2  2  
 2 Kael Mouillierat         Tim Sestito              40     1   2  2  

4 vs 4 Defense
   Defense                  Defense                  Time % Phy DF OF 
 1 Kevin Czuczman           Dmitry Korobov           60     1   2  2  
 2 Raman Hrabarenka         Conor Allen              40     1   2  2  

Last Minutes Offensive
   Center                   Left Wing                Right Wing               Defense                  Defense                  
   Anton Lander             Patrick Bordeleau        Simon Moser              Kevin Czuczman           Dmitry Korobov           

Last Minutes Defensive
   Center                   Left Wing                Right Wing               Defense                  Defense                  
   Anton Lander             Patrick Bordeleau        Simon Moser              Kevin Czuczman           Dmitry Korobov           

Goaltenders
Starting : Philipp Grubauer         
Backup : Andrey Makarov           

Extra Forwards
Normal : Scott Timmins, Patrick Cehlin, Brandon Alderson - PP : Scott Timmins, Patrick Cehlin - PK : Brandon Alderson
Extra Defensemen
Normal : Brandon Manning, Jake Newton, Magnus Nygren - PP : Brandon Manning - PK : Jake Newton, Magnus Nygren
Penalty Shots
Anton Lander, Patrick Bordeleau, Kael Mouillierat, Tim Sestito, Scott Timmins

Crunch

5 vs 5 Forward 
   Center                   Left Wing                Right Wing               Time % Phy DF OF 
 1 Ryan Strome              Jordin Tootoo            Taylor Pyatt             35     1   2  2  
 2 Corban Knight            Andre Petersson          Eriah Hayes              35     1   2  2  
 3 Travis Oleksuk           Stanislav Galiev         Anton Zlobin             15     1   2  2  
 4 Phillip Danault          Matt Lindblad            Brodie Reid              15     1   2  2  

5 vs 5 Defense 
   Defense                  Defense                                           Time % Phy DF OF 
 1 Danny Syvret             Chad Billins                                      34     1   2  2  
 2 Zach Trotman             Karl Stollery                                     33     1   2  2  
 3 Nick Jensen              Brett Skinner                                     33     1   2  2  
 4 Danny Syvret             Chad Billins                                      0      0   5  0  

PowerPlay Forward 
   Center                   Left Wing                Right Wing               Time % Phy DF OF 
 1 Ryan Strome              Jordin Tootoo            Taylor Pyatt             60     0   1  4  
 2 Corban Knight            Andre Petersson          Eriah Hayes              40     0   2  3  

PowerPlay Defense
   Defense                  Defense                                           Time % Phy DF OF 
 1 Danny Syvret             Chad Billins                                      60     0   2  3  
 2 Zach Trotman             Karl Stollery                                     40     0   2  3  

Penalty Kill 4 Players Forward 
   Center                   Wing                     Time % Phy DF OF 
 1 Travis Oleksuk           Stanislav Galiev         50     1   4  0  
 2 Phillip Danault          Matt Lindblad            50     1   4  0  

Penalty Kill 4 Players Defense
   Defense                  Defense                  Time % Phy DF OF 
 1 Nick Jensen              Brett Skinner            50     1   4  0  
 2 Danny Syvret             Chad Billins             50     1   4  0  

Penalty Kill - 3 Players Forward 
   Forward                                           Time % Phy DF OF 
 1 Travis Oleksuk                                    50     1   4  0  
 2 Phillip Danault                                   50     1   4  0  

Penalty Kill - 3 Players Defense
   Defense                  Defense                  Time % Phy DF OF 
 1 Nick Jensen              Brett Skinner            50     1   4  0  
 2 Danny Syvret             Chad Billins             50     1   4  0  

4 vs 4 Forward 
   Center                   Wing                     Time % Phy DF OF 
 1 Ryan Strome              Taylor Pyatt             60     0   1  4  
 2 Corban Knight            Jordin Tootoo            40     1   2  2  

4 vs 4 Defense
   Defense                  Defense                  Time % Phy DF OF 
 1 Danny Syvret             Chad Billins             50     1   2  2  
 2 Zach Trotman             Karl Stollery            50     1   2  2  

Last Minutes Offensive
   Center                   Left Wing                Right Wing               Defense                  Defense                  
   Ryan Strome              Jordin Tootoo            Taylor Pyatt             Danny Syvret             Chad Billins             

Last Minutes Defensive
   Center                   Left Wing                Right Wing               Defense                  Defense                  
   Corban Knight            Andre Petersson          Taylor Pyatt             Danny Syvret             Chad Billins             

Goaltenders
Starting : John Curry               
Backup : Richard Bachman          

Extra Forwards
Normal : Taylor Pyatt, Ryan Strome, Jordin Tootoo - PP : Taylor Pyatt, Ryan Strome - PK : Taylor Pyatt
Extra Defensemen
Normal : Danny Syvret, Chad Billins, Karl Stollery - PP : Danny Syvret - PK : Danny Syvret, Chad Billins
Penalty Shots
Andre Petersson, Ryan Strome, Eriah Hayes, Jordin Tootoo, Taylor Pyatt

% Time on Ice - Bruins

Lines # - Real PCT - Wanted PCT - Time Play
Normal Forward
1 - 26% - 35% - 13:44
2 - 28% - 30% - 14:24
3 - 27% - 22% - 14:16
4 - 19% - 13% - 9:40
Normal Defense
1 - 25% - 35% - 12:57
2 - 32% - 30% - 16:46
3 - 29% - 22% - 15:16
4 - 14% - 13% - 7:05
PP Forward
1 - 43% - 60% - 2:35
2 - 57% - 40% - 3:22
PP Defense
1 - 53% - 60% - 3:10
2 - 47% - 40% - 2:47
PK Forward
1 - 66% - 60% - 1:18
2 - 34% - 40% - 0:41
PK Defense
1 - 48% - 60% - 0:57
2 - 52% - 40% - 1:02
PK3 Forward
1 - 0% - 60%
2 - 0% - 40%
PK3 Defense
1 - 0% - 60%
2 - 0% - 40%
44 Forward
1 - 100% - 60% - 2:11
2 - 0% - 40% - 0:00
44 Defense
1 - 64% - 60% - 1:24
2 - 36% - 40% - 0:47
Last Minute Offensive  - 0:00
Last Minute Defensive  - 0:00
Total
Forward - 62:11
Defense - 62:11

% Time on Ice - Crunch

Lines # - Real PCT - Wanted PCT - Time Play
Normal Forward
1 - 29% - 35% - 15:06
2 - 29% - 35% - 14:52
3 - 20% - 15% - 10:16
4 - 23% - 15% - 11:50
Normal Defense
1 - 32% - 34% - 16:34
2 - 35% - 33% - 18:25
3 - 33% - 33% - 17:05
4 - 0% - 0% - 0:00
PP Forward
1 - 58% - 60% - 1:09
2 - 42% - 40% - 0:50
PP Defense
1 - 64% - 60% - 1:16
2 - 36% - 40% - 0:43
PK Forward
1 - 44% - 50% - 2:36
2 - 56% - 50% - 3:21
PK Defense
1 - 43% - 50% - 2:33
2 - 57% - 50% - 3:24
PK3 Forward
1 - 0% - 50%
2 - 0% - 50%
PK3 Defense
1 - 0% - 50%
2 - 0% - 50%
44 Forward
1 - 100% - 60% - 2:11
2 - 0% - 40% - 0:00
44 Defense
1 - 67% - 50% - 1:28
2 - 33% - 50% - 0:43
Last Minute Offensive  - 0:00
Last Minute Defensive  - 0:00
Total
Forward - 62:11
Defense - 62:11

Play by Play

1st period


0:01 of 1st period - Ryan Strome wins face-off versus Anton Lander in neutral zone.
0:15 of 1st period - Icing by Patrick Bordeleau.
0:16 of 1st period - Ryan Strome wins face-off versus Anton Lander in Bruins zone.
0:27 of 1st period - Wrist shot by Ryan Strome.
0:27 of 1st period - Shot Blocked by Kevin Czuczman.
0:29 of 1st period - Slapshot by Danny Syvret.
0:29 of 1st period - Stopped by Philipp Grubauer without a rebound.
0:30 of 1st period - Kael Mouillierat wins face-off versus Corban Knight in Bruins zone.
1:45 of 1st period - Kevin Czuczman is hit by Anton Zlobin and loses puck.
1:52 of 1st period - Brandon Alderson is hit by Zach Trotman.
3:29 of 1st period - Slapshot by Tim Sestito.
3:29 of 1st period - Shot Misses the Net.
3:31 of 1st period - Wrist shot by Buddy Robinson.
3:31 of 1st period - Stopped by John Curry with a rebound.
3:33 of 1st period - Snap shot by Buddy Robinson.
3:33 of 1st period - Shot Misses the Net.
3:35 of 1st period - Slapshot by Kael Mouillierat.
3:35 of 1st period - Stopped by John Curry without a rebound.
3:36 of 1st period - Kael Mouillierat wins face-off versus Corban Knight in Crunch zone.
4:14 of 1st period - Scott Timmins is hit by Corban Knight and loses puck.
4:52 of 1st period - Slapshot by Travis Oleksuk.
4:52 of 1st period - Shot Blocked by Brandon Alderson.
4:54 of 1st period - Snap shot by Stanislav Galiev.
4:54 of 1st period - Deflect By Travis Oleksuk.
4:54 of 1st period - Shot Blocked by Patrick Cehlin.
4:54 of 1st period - Puck is out of play.
4:55 of 1st period - Phillip Danault wins face-off versus Anton Lander in Bruins zone.
5:11 of 1st period - Minor Penalty to Kevin Czuczman for Cross-checking.
5:12 of 1st period - Ryan Strome wins face-off versus Anton Lander in Bruins zone.
5:16 of 1st period - Snap shot by Taylor Pyatt.
5:16 of 1st period - Shot Misses the Net.
5:18 of 1st period - Slapshot by Chad Billins.
5:18 of 1st period - Stopped by Philipp Grubauer without a rebound.
5:19 of 1st period - Anton Lander wins face-off versus Ryan Strome in Bruins zone.
6:08 of 1st period - Icing by Chad Billins.
6:09 of 1st period - Corban Knight wins face-off versus Kael Mouillierat in Crunch zone.
6:26 of 1st period - Anton Lander is hit by Corban Knight and loses puck.
6:59 of 1st period - Snap shot by Taylor Pyatt.
6:59 of 1st period - Shot Misses the Net.
7:01 of 1st period - Slapshot by Zach Trotman.
7:01 of 1st period - Shot Blocked by Kael Mouillierat.
7:11 of 1st period - Penalty to Kevin Czuczman is over, Kevin Czuczman is back on ice.
7:23 of 1st period - Zach Trotman is hit by Kael Mouillierat and loses puck.
7:42 of 1st period - Snap shot by Brodie Reid.
7:42 of 1st period - Shot Misses the Net.
7:44 of 1st period - Wrist shot by Matt Lindblad.
7:44 of 1st period - Stopped by Philipp Grubauer with a rebound.
7:46 of 1st period - Slapshot by Nick Jensen.
7:46 of 1st period - Stopped by Philipp Grubauer with a rebound.
7:48 of 1st period - Wrist shot by Matt Lindblad.
7:48 of 1st period - Shot Misses the Net.
7:50 of 1st period - Wrist shot by Phillip Danault.
7:50 of 1st period - Stopped by Philipp Grubauer without a rebound.
7:51 of 1st period - Scott Timmins wins face-off versus Travis Oleksuk in Bruins zone.
8:10 of 1st period - Snap shot by Patrick Cehlin.
8:10 of 1st period - Shot Blocked by Travis Oleksuk.
8:50 of 1st period - Snap shot by Andre Petersson.
8:50 of 1st period - Stopped by Philipp Grubauer with a rebound.
9:31 of 1st period - Kevin Czuczman is hit by Nick Jensen and loses puck.
9:56 of 1st period - Tim Sestito is hit by Brett Skinner and loses puck.
10:31 of 1st period - Wrist shot by Patrick Cehlin.
10:31 of 1st period - Stopped by John Curry without a rebound.
10:32 of 1st period - Anton Lander wins face-off versus Corban Knight in Crunch zone.
10:37 of 1st period - Wrist shot by Patrick Bordeleau.
10:37 of 1st period - Stopped by John Curry with a rebound.
11:13 of 1st period - Wrist shot by Chad Billins.
11:13 of 1st period - Shot Blocked by Scott Timmins.
11:15 of 1st period - Snap shot by Chad Billins.
11:15 of 1st period - Stopped by Philipp Grubauer without a rebound.
11:16 of 1st period - Scott Timmins wins face-off versus Travis Oleksuk in Bruins zone.
12:26 of 1st period - Snap shot by Taylor Pyatt.
12:26 of 1st period - Shot Misses the Net.
12:51 of 1st period - Wrist shot by Matt Lindblad.
12:51 of 1st period - Shot Misses the Net.
13:34 of 1st period - Slapshot by John Mitchell A.
13:34 of 1st period - Deflect By Brandon Alderson.
13:34 of 1st period - Stopped by John Curry without a rebound.
13:35 of 1st period - Marc Hagel wins face-off versus Corban Knight in Crunch zone.
13:52 of 1st period - Snap shot by John Mitchell A.
13:52 of 1st period - Stopped by John Curry with a rebound.
14:28 of 1st period - Kael Mouillierat is hit by Karl Stollery and loses puck.
14:45 of 1st period - Jake Newton is hit by Jordin Tootoo and loses puck.
15:16 of 1st period - Wrist shot by Travis Oleksuk.
15:16 of 1st period - Shot Misses the Net.
15:40 of 1st period - Anton Lander is hit by Nick Jensen and loses puck.
16:17 of 1st period - Snap shot by Brodie Reid.
16:17 of 1st period - Stopped by Philipp Grubauer with a rebound.
16:21 of 1st period - Snap shot by Matt Lindblad.
16:21 of 1st period - Shot Misses the Net.
16:23 of 1st period - Slapshot by Chad Billins.
16:23 of 1st period - Stopped by Philipp Grubauer with a rebound.
16:33 of 1st period - Kevin Czuczman is hit by Chad Billins.
16:45 of 1st period - Wrist shot by Ryan Strome.
16:45 of 1st period - Shot Misses the Net.
16:47 of 1st period - Slapshot by Karl Stollery.
16:47 of 1st period - Shot Blocked by Magnus Nygren.
17:34 of 1st period - Slapshot by Tim Sestito.
17:34 of 1st period - Shot Misses the Net.
17:58 of 1st period - Nick Jensen is hit by Scott Timmins and loses puck.
18:40 of 1st period - Jake Newton is hit by Phillip Danault.
19:21 of 1st period - Snap shot by Taylor Pyatt.
19:21 of 1st period - Shot Blocked by Dmitry Korobov.
19:23 of 1st period - Slapshot by Danny Syvret.
19:23 of 1st period - Stopped by Philipp Grubauer with a rebound.
19:25 of 1st period - Snap shot by Jordin Tootoo.
19:25 of 1st period - Stopped by Philipp Grubauer with a rebound.
19:27 of 1st period - Slapshot by Taylor Pyatt.
19:27 of 1st period - Stopped by Philipp Grubauer with a rebound.
19:29 of 1st period - Slapshot by Chad Billins.
19:29 of 1st period - Stopped by Philipp Grubauer without a rebound.
19:30 of 1st period - Marc Hagel wins face-off versus Corban Knight in Bruins zone.
Goals for this period are 0 for Bruins vs 0 for Crunch.
Shots for this period are 6 for Bruins vs 13 for Crunch.

2nd period


0:01 of 2nd period - Anton Lander wins face-off versus Ryan Strome in neutral zone.
0:52 of 2nd period - Kevin Czuczman is hit by Andre Petersson and loses puck.
1:01 of 2nd period - Slapshot by Andre Petersson.
1:01 of 2nd period - Shot Misses the Net.
1:03 of 2nd period - Snap shot by Corban Knight.
1:03 of 2nd period - Stopped by Philipp Grubauer without a rebound.
1:04 of 2nd period - Scott Timmins wins face-off versus Corban Knight in Bruins zone.
1:11 of 2nd period - Slapshot by Raman Hrabarenka.
1:11 of 2nd period - Shot Blocked by Karl Stollery.
1:13 of 2nd period - Wrist shot by Raman Hrabarenka.
1:13 of 2nd period - Deflect By Andre Petersson.
1:13 of 2nd period - Stopped by John Curry without a rebound.
1:14 of 2nd period - Phillip Danault wins face-off versus Scott Timmins in Crunch zone.
1:31 of 2nd period - Minor Penalty to Karl Stollery for Interference.
1:32 of 2nd period - Travis Oleksuk wins face-off versus Anton Lander in Crunch zone.
2:22 of 2nd period - Kael Mouillierat is hit by Travis Oleksuk and loses puck.
3:23 of 2nd period - Chad Billins is hit by Simon Moser and loses puck.
3:31 of 2nd period - Penalty to Karl Stollery is over, Karl Stollery is back on ice.
3:42 of 2nd period - Kevin Czuczman is hit by Jordin Tootoo and loses puck.
4:32 of 2nd period - Patrick Cehlin is hit by Corban Knight.
5:24 of 2nd period - Snap shot by Matt Lindblad.
5:24 of 2nd period - Shot Blocked by Kevin Czuczman.
5:59 of 2nd period - Snap shot by Patrick Cehlin.
5:59 of 2nd period - Stopped by John Curry without a rebound.
6:00 of 2nd period - Scott Timmins wins face-off versus Travis Oleksuk in Crunch zone.
6:17 of 2nd period - Snap shot by Stanislav Galiev.
6:17 of 2nd period - Stopped by Philipp Grubauer without a rebound.
6:18 of 2nd period - Marc Hagel wins face-off versus Travis Oleksuk in Bruins zone.
6:39 of 2nd period - Slapshot by Stanislav Galiev.
6:39 of 2nd period - Shot Misses the Net.
6:41 of 2nd period - Wrist shot by Anton Zlobin.
6:41 of 2nd period - Stopped by Philipp Grubauer with a rebound.
7:17 of 2nd period - Brandon Alderson is hit by Eriah Hayes and loses puck.
8:23 of 2nd period - Minor Penalty to Phillip Danault for Hooking.
8:24 of 2nd period - Kael Mouillierat wins face-off versus Taylor Pyatt in Crunch zone.
8:36 of 2nd period - Snap shot by Kael Mouillierat.
8:36 of 2nd period - Shot Misses the Net.
10:08 of 2nd period - Danny Syvret is hit by Tim Sestito.
10:23 of 2nd period - Penalty to Phillip Danault is over, Phillip Danault is back on ice.
10:28 of 2nd period - Slapshot by Patrick Bordeleau.
10:28 of 2nd period - Shot Misses the Net.
10:30 of 2nd period - Slapshot by Dmitry Korobov.
10:30 of 2nd period - Shot Blocked by Stanislav Galiev.
10:32 of 2nd period - Wrist shot by Patrick Bordeleau.
10:32 of 2nd period - Goal by Patrick Bordeleau - Bruins : 1 - Crunch : 0.
10:33 of 2nd period - Andre Petersson wins face-off versus Scott Timmins in neutral zone.
10:58 of 2nd period - Wrist shot by Andre Petersson.
10:58 of 2nd period - Stopped by Philipp Grubauer with a rebound.
11:00 of 2nd period - Backhand shot by Andre Petersson.
11:00 of 2nd period - Shot Blocked by Patrick Cehlin.
13:37 of 2nd period - Wrist shot by Eriah Hayes.
13:37 of 2nd period - Shot Blocked by Marc Hagel.
14:11 of 2nd period - Kael Mouillierat is hit by Jordin Tootoo and loses puck.
14:16 of 2nd period - Snap shot by Ryan Strome.
14:16 of 2nd period - Shot Misses the Net.
14:18 of 2nd period - Slapshot by Taylor Pyatt.
14:18 of 2nd period - Stopped by Philipp Grubauer with a rebound.
14:20 of 2nd period - Slapshot by Brett Skinner.
14:20 of 2nd period - Shot Hit the Post.
14:22 of 2nd period - Snap shot by Taylor Pyatt.
14:22 of 2nd period - Shot Misses the Net.
14:24 of 2nd period - Snap shot by Taylor Pyatt.
14:24 of 2nd period - Shot Misses the Net.
14:38 of 2nd period - Kevin Czuczman is hit by Stanislav Galiev and loses puck.
14:59 of 2nd period - Wrist shot by Patrick Bordeleau.
14:59 of 2nd period - Deflect By Simon Moser.
14:59 of 2nd period - Stopped by John Curry with a rebound.
15:01 of 2nd period - Slapshot by Jake Newton.
15:01 of 2nd period - Stopped by John Curry without a rebound.
15:02 of 2nd period - Scott Timmins wins face-off versus Matt Lindblad in Crunch zone.
15:21 of 2nd period - Wrist shot by Patrick Bordeleau.
15:21 of 2nd period - Shot Misses the Net.
15:23 of 2nd period - Wrist shot by Scott Timmins.
15:23 of 2nd period - Shot Misses the Net.
15:30 of 2nd period - Icing by Phillip Danault.
15:31 of 2nd period - Scott Timmins wins face-off versus Phillip Danault in Crunch zone.
15:38 of 2nd period - Wrist shot by Scott Timmins.
15:38 of 2nd period - Stopped by John Curry with a rebound.
16:13 of 2nd period - Simon Moser is hit by Zach Trotman and loses puck.
16:54 of 2nd period - Scott Timmins is hit by Corban Knight and loses puck.
17:05 of 2nd period - Corban Knight is hit by Brandon Manning and loses puck.
17:29 of 2nd period - Brett Skinner is hit by Patrick Cehlin and loses puck.
18:29 of 2nd period - Snap shot by Kael Mouillierat.
18:29 of 2nd period - Deflect By Tim Sestito.
18:29 of 2nd period - Stopped by John Curry with a rebound.
19:31 of 2nd period - Slapshot by Kevin Czuczman.
19:31 of 2nd period - Stopped by John Curry with a rebound.
19:35 of 2nd period - Wrist shot by Scott Timmins.
19:35 of 2nd period - Stopped by John Curry with a rebound.
19:39 of 2nd period - Snap shot by Scott Timmins.
19:39 of 2nd period - Shot Misses the Net.
19:41 of 2nd period - Slapshot by Scott Timmins.
19:41 of 2nd period - Stopped by John Curry with a rebound.
19:43 of 2nd period - Wrist shot by Scott Timmins.
19:43 of 2nd period - Stopped by John Curry with a rebound.
Goals for this period are 1 for Bruins vs 0 for Crunch.
Shots for this period are 11 for Bruins vs 5 for Crunch.

3rd period


0:01 of 3rd period - Corban Knight wins face-off versus Anton Lander in neutral zone.
0:20 of 3rd period - Snap shot by Eriah Hayes.
0:20 of 3rd period - Stopped by Philipp Grubauer with a rebound.
0:59 of 3rd period - Tim Sestito is hit by Taylor Pyatt and loses puck.
1:04 of 3rd period - Wrist shot by Ryan Strome.
1:04 of 3rd period - Goal by Ryan Strome - Bruins : 1 - Crunch : 1.
1:05 of 3rd period - Ryan Strome wins face-off versus Kael Mouillierat in neutral zone.
1:12 of 3rd period - Snap shot by Ryan Strome.
1:12 of 3rd period - Stopped by Philipp Grubauer with a rebound.
3:34 of 3rd period - Chad Billins is hit by Anton Lander and loses puck.
3:50 of 3rd period - Minor Penalty to Chad Billins for Roughing.
3:51 of 3rd period - Kael Mouillierat wins face-off versus Travis Oleksuk in Crunch zone.
3:51 of 3rd period - Slapshot by Tim Sestito.
3:51 of 3rd period - Shot Misses the Net.
4:03 of 3rd period - Snap shot by Tim Sestito.
4:03 of 3rd period - Stopped by John Curry without a rebound.
4:04 of 3rd period - Travis Oleksuk wins face-off versus Kael Mouillierat in Crunch zone.
5:12 of 3rd period - Matt Lindblad is hit by Patrick Bordeleau and loses puck.
5:50 of 3rd period - Penalty to Chad Billins is over, Chad Billins is back on ice.
5:54 of 3rd period - Slapshot by Anton Lander.
5:54 of 3rd period - Shot Misses the Net.
6:12 of 3rd period - Patrick Cehlin is hit by Travis Oleksuk and loses puck.
6:32 of 3rd period - Snap shot by Patrick Cehlin.
6:32 of 3rd period - Stopped by John Curry with a rebound.
6:34 of 3rd period - Slapshot by Scott Timmins.
6:34 of 3rd period - Stopped by John Curry with a rebound.
6:36 of 3rd period - Slapshot by Jake Newton.
6:36 of 3rd period - Shot Misses the Net.
6:38 of 3rd period - Slapshot by Jake Newton.
6:38 of 3rd period - Stopped by John Curry with a rebound.
6:40 of 3rd period - Slapshot by Jake Newton.
6:40 of 3rd period - Shot Blocked by Stanislav Galiev.
6:42 of 3rd period - Slapshot by Scott Timmins.
6:42 of 3rd period - Stopped by John Curry with a rebound.
6:58 of 3rd period - Snap shot by Anton Lander.
6:58 of 3rd period - Deflect By John Mitchell A.
6:58 of 3rd period - Shot Misses the Net.
6:58 of 3rd period - Puck is out of play.
6:59 of 3rd period - Corban Knight wins face-off versus Marc Hagel in Crunch zone.
8:02 of 3rd period - Slapshot by Tim Sestito.
8:02 of 3rd period - Shot Misses the Net.
8:06 of 3rd period - Snap shot by Tim Sestito.
8:06 of 3rd period - Shot Misses the Net.
8:08 of 3rd period - Snap shot by Tim Sestito.
8:08 of 3rd period - Shot Misses the Net.
8:18 of 3rd period - Zach Trotman is hit by Conor Allen and loses puck.
9:13 of 3rd period - Slapshot by Andre Petersson.
9:13 of 3rd period - Stopped by Philipp Grubauer without a rebound.
9:14 of 3rd period - Kael Mouillierat wins face-off versus Eriah Hayes in Bruins zone.
10:15 of 3rd period - Snap shot by Brandon Alderson.
10:15 of 3rd period - Stopped by John Curry with a rebound.
10:41 of 3rd period - Snap shot by Marc Hagel.
10:41 of 3rd period - Deflect By Anton Lander.
10:41 of 3rd period - Shot Misses the Net.
10:41 of 3rd period - Puck is out of play.
10:42 of 3rd period - Matt Lindblad wins face-off versus Marc Hagel in Crunch zone.
11:09 of 3rd period - Kael Mouillierat is hit by Matt Lindblad and loses puck.
11:18 of 3rd period - Snap shot by Tim Sestito.
11:18 of 3rd period - Stopped by John Curry with a rebound.
11:36 of 3rd period - Matt Lindblad is hit by Brandon Alderson and loses puck.
12:05 of 3rd period - Simon Moser is hit by Anton Zlobin and loses puck.
12:14 of 3rd period - Backhand shot by Travis Oleksuk.
12:14 of 3rd period - Stopped by Philipp Grubauer with a rebound.
12:16 of 3rd period - Wrist shot by Anton Zlobin.
12:16 of 3rd period - Stopped by Philipp Grubauer with a rebound.
12:18 of 3rd period - Slapshot by Travis Oleksuk.
12:18 of 3rd period - Shot Blocked by Kael Mouillierat.
12:42 of 3rd period - Slapshot by Anton Lander.
12:42 of 3rd period - Shot Blocked by Eriah Hayes.
12:44 of 3rd period - Wrist shot by Jake Newton.
12:44 of 3rd period - Stopped by John Curry with a rebound.
13:12 of 3rd period - Slapshot by Brandon Manning.
13:12 of 3rd period - Shot Blocked by Karl Stollery.
13:48 of 3rd period - Icing by Jake Newton.
13:49 of 3rd period - Buddy Robinson wins face-off versus Travis Oleksuk in Bruins zone.
16:32 of 3rd period - Nick Jensen is hit by Tim Sestito and loses puck.
16:39 of 3rd period - Snap shot by Stanislav Galiev.
16:39 of 3rd period - Stopped by Philipp Grubauer with a rebound.
17:05 of 3rd period - Snap shot by Patrick Bordeleau.
17:05 of 3rd period - Stopped by John Curry without a rebound.
17:06 of 3rd period - Anton Lander wins face-off versus Corban Knight in Crunch zone.
17:24 of 3rd period - Slapshot by Corban Knight.
17:24 of 3rd period - Shot Misses the Net.
17:26 of 3rd period - Wrist shot by Andre Petersson.
17:26 of 3rd period - Stopped by Philipp Grubauer with a rebound.
17:28 of 3rd period - Slapshot by Danny Syvret.
17:28 of 3rd period - Stopped by Philipp Grubauer with a rebound.
18:02 of 3rd period - Chad Billins is hit by Patrick Bordeleau and loses puck.
18:34 of 3rd period - Snap shot by Travis Oleksuk.
18:34 of 3rd period - Shot Blocked by Conor Allen.
19:10 of 3rd period - Icing by Brodie Reid.
19:11 of 3rd period - Phillip Danault wins face-off versus Kael Mouillierat in Crunch zone.
19:16 of 3rd period - Raman Hrabarenka is hit by Nick Jensen and loses puck.
Goals for this period are 0 for Bruins vs 1 for Crunch.
Shots for this period are 9 for Bruins vs 9 for Crunch.

Overtime #1


0:01 of 1st overtime period - Anton Lander wins face-off versus Ryan Strome in neutral zone.
0:18 of 1st overtime period - Off-side.
0:19 of 1st overtime period - Ryan Strome wins face-off versus Patrick Bordeleau in neutral zone.
1:04 of 1st overtime period - Kevin Czuczman is hit by Danny Syvret and loses puck.
1:26 of 1st overtime period - Raman Hrabarenka is hit by Ryan Strome and loses puck.
1:57 of 1st overtime period - Off-side.
1:58 of 1st overtime period - Patrick Cehlin wins face-off versus Jordin Tootoo in neutral zone.
2:11 of 1st overtime period - Wrist shot by Kevin Czuczman.
2:11 of 1st overtime period - Goal by Kevin Czuczman - Bruins : 2 - Crunch : 1.
Goals for this period are 1 for Bruins vs 0 for Crunch.
Shots for this period are 1 for Bruins vs 0 for Crunch.


Output by the SimonT Hockey Simulator (STHS) for Eric Dolegowski -- Original Page W3C XHTML 1.0 Valid
Hockey Simulator - Hockey Simulation - Hockey Manager